 Dungeon Crawl Stone Soup version 0.31-a0-986-g5e6e4ef867 (webtiles) character file.

Game seed: 590698449816386333

134 gelatine the Covered (level 4, 0/35 HPs)
             Began as a Demonspawn Fighter on Nov 12, 2023.
             Slain by an adder (4 damage)
             ... on level 6 of the Dungeon.
             The game lasted 00:04:07 (1882 turns).

gelatine the Covered (Demonspawn Fighter)           Turns: 1882, Time: 00:04:07

Health: 0/35       AC: -1    Str: 19    XL:     4   Next: 95%
Magic:  4/4        EV:  9    Int:  9    God:
Gold:   147        SH:  4    Dex: 12    Spells: 3/3 levels left

rFire   . . .        a - +1 war axe
rCold   . . .        c - +0 buckler
rNeg    . . .        b - +0 scale mail
rPois   .            (no helmet)
rElec   .            f - +2 cloak
rCorr   .            (no gloves)
SInv    .            (no boots)
Will    .....        (no amulet) Stlth
                     (no ring)
HPRegen 0.25/turn    (no ring)
MPRegen 0.09/turn

%: no passive effects
@: corroded
A: claws 1, spiny 1
a: no special abilities


You were on level 6 of the Dungeon.
You visited 1 branch of the dungeon, and saw 4 of its levels.

You collected 147 gold pieces.

Inventory:

Hand Weapons
 a - a +1 war axe (weapon)
Armour
 b - a +0 scale mail (worn)
 c - a +0 buckler (worn)
 f - a +2 cloak (worn)
Scrolls
 i - a scroll of identify
Potions
 d - a potion of might
 e - a potion of ambrosia
 h - 2 potions of curing


   Skills:
 * Level 3.3 Fighting
 * Level 3.2 Axes
 * Level 3.4 Armour
 * Level 0.6 Dodging
 * Level 0.6 Stealth
 * Level 3.2 Shields
 * Level 0.3 Spellcasting


You had 3 spell levels left.
You didn't know any spells.
Your spell library contained the following spells:

 Spells                   Type           Power      Damage    Failure   Level
 Sting                    Tmut/Pois      0%         1d3       83%         1
 Poisonous Vapours        Pois/Air       0%         N/A       92%         2
 Olgreb's Toxic Radiance  Pois           0%         N/A       100%        4
 Summon Forest            Summ/Tloc      0%         N/A       100%        5
 Summon Mana Viper        Hex/Summ       0%         N/A       100%        5
 Summon Cactus Giant      Summ           0%         N/A       100%        6


Dungeon Overview and Level Annotations

Branches:
Dungeon (3/15)

Altars:
Wu Jian


Innate Abilities, Weirdness & Mutations

You have sharp fingernails.
You are partially covered in sharp spines.


Message History

The jelly is almost dead.
The jelly is struck by your spines.
You kill the jelly!
You now have 129 gold pieces (gained 16).
You now have 147 gold pieces (gained 18).
A jelly comes into view.
Found 3 stones.
Found an escape hatch in the floor.
The jelly quivers. 2 scorpions come into view.
Found 4 stones.
The scorpion stings you but does no damage.
The jelly is struck by your spines. The jelly hits you but does no damage.
You block the scorpion's attack.
You hit the jelly.
Your claws burn!
The jelly is heavily wounded.
You slash the scorpion!
The scorpion stings you but does no damage.
The jelly hits you. The acid corrodes you!
You are splashed with acid!
The scorpion stings you. The jelly attacks as it pursues you!
The jelly hits you but does no damage.
The scorpion stings you but does no damage.
You hit the jelly but do no damage. The acid corrodes you!
Your claws burn!
The jelly is moderately wounded.
You block the jelly's attack. The jelly hits you. The acid corrodes you!
You are splashed with acid!
* * * LOW HITPOINT WARNING * * *
Blink to where?
Press: ? - help, Q - select action, (/) - cycle Dir - move target
As you read the scroll of blinking, it crumbles to dust.
An adder comes into view.
The adder hisses angrily.
Found a stone staircase leading down.
An adder comes into view.
Found a stone staircase leading up.
The adder hisses angrily.
A kobold comes into view.
It is wielding a +0 club. x2 2 kobolds come into view.
The kobold shouts! x4
The adder attacks as it pursues you! The adder bites you.
You die... #.
K#.#### KK.....

K...... ##.#.#S#.#.###
..#(#.....>. ###
..........##### ..#
..(>....@....# #.#
...#.##S##..##########.#
#..#.##................#
#..#.#####J.##########.#
#....### #..# #.#
#..###.###..### #.#
#.ss.ยง#.##....## #.#
#..###.###.....#######.#
#......................#


You could see 2 adders and 4 kobolds.

Vanquished Creatures
  2 jellies (D:6)
  An adder (D:2)
  A shadow imp (D:6)
  2 worms
  9 ball pythons
  4 bats
  3 endoplasms
  7 hobgoblins
  2 quokkas
  3 frilled lizards (D:2)
  6 goblins
  4 kobolds
  3 rats
47 creatures vanquished.

Notes
Turn   | Place    | Note
-------+----------+-------------------------------------------
     0 | D:1      | gelatine the Demonspawn Fighter began the quest for the
                  | Orb.
     0 | D:1      | Reached XP level 1. HP: 18/18 MP: 1/1
   353 | D:1      | Gained mutation: You are partially covered in sharp spines.
                  | [demonic ancestry]
   353 | D:1      | Reached XP level 2. HP: 23/24 MP: 2/2
   742 | D:2      | Found an ornate altar of the Wu Jian Council.
   782 | D:2      | Gained mutation: You have sharp fingernails. [demonic
                  | ancestry]
   782 | D:2      | Reached XP level 3. HP: 27/29 MP: 3/3
  1693 | D:3      | You fall into a shaft and drop 3 floors!
  1713 | D:6      | Reached XP level 4. HP: 28/35 MP: 4/4
  1863 | D:6      | Noticed a scorpion
  1863 | D:6      | Noticed a scorpion
  1870 | D:6      | HP: 1/35 [acid (10)]
  1882 | D:6      | Slain by an adder

Illustrated notes

Levels and vault maps discovered:
D:1:      dreamdust_arrival_beginning_and_end, layout_basic
D:2:      layout_basic, basic_altar
D:3:      layout_basic, serial_curves, eino_curves_04, eino_curves_01
D:6:      layout_loops_ring

Skill      XL: |  1  2  3 |
---------------+----------+-----
Axes           | 2 3 |  3.2
Armour         | 3 |  3.4
Shields        | 3 |  3.2
Fighting       | |  3.3
Dodging        | |  0.6
Stealth        | |  0.6
Spellcasting   | |  0.3

Action                     |  1- 3 |  4- 6 || total
---------------------------+-------+-------++-------
  Melee: War axe           |    85 |     6 ||    91
    Use: Scroll            |     8 |     1 ||     9
 Armour: Scale mail        |    49 |    11 ||    60
  Dodge: Dodged            |    36 |       ||    36
  Block: Buckler           |    18 |     3 ||    21

Table legend: (Time is in decaauts)
 A = Elapsed time spent in this place.
 B = Non-inter-level travel time spent in this place.
 C = Inter-level travel time spent in this place.
 D = Time resting spent in this place.
 E = Time spent auto-exploring this place.
 F = Levels seen in this place.
 G = Mean time per level.
                   A        B        C        D        E       F      G
               +--------+--------+--------+--------+--------+-----+--------+
         Total |   1919 |   1851 |     68 |      0 |   1468 |   4 |  479.8 |
       Dungeon |   1919 |   1851 |     68 |      0 |   1468 |   4 |  479.8 |
               +--------+--------+--------+--------+--------+-----+--------+

Top non-repeatable levels by time:
     D:2: 843 daAuts
     D:1: 754 daAuts
     D:6: 192 daAuts
     D:3: 129 daAuts
